 Dungeon Crawl Stone Soup version 0.19.4-12-gccf7e64 (webtiles) character file.

163 Magnus the Slasher (level 5, -12/41 HPs)
             Began as a Mummy Monk on Feb 27, 2017.
             Killed from afar by an orc wizard (13 damage)
             ... with a puff of flame
             ... on level 3 of the Dungeon.
             The game lasted 00:04:32 (3382 turns).

Magnus the Slasher (Mummy Monk)                     Turns: 3382, Time: 00:04:33

Health: -12/41     AC:  2    Str: 14    XL:     5   Next: 20%
Magic:  5/5        EV: 13    Int: 10    God:
Gold:   89         SH:  0    Dex: 15    Spells: 0 memorised, 4 levels left

rFire  x . .     SeeInvis .     a - +0 falchion
rCold  + . .     Gourm    .     b - +0 robe
rNeg   + + +     Faith    .     (no shield)
rPois  ∞         Spirit   .     (no helmet)
rElec  .         Reflect  .     (no cloak)
rCorr  .         Harm     .     (no gloves)
MR     .....                    (no boots)
Stlth  ++........               (no amulet)
                                (no ring)
                                (no ring)

@: no status effects
A: no food or potions, fire vulnerability, cold resistance 1, negative energy
resistance 3, torment resistance, unbreathing
a: no special abilities


You were on level 3 of the Dungeon.
You were not hungry.

You visited 1 branch of the dungeon, and saw 3 of its levels.

You collected 89 gold pieces.

Inventory:

Hand Weapons
 a - a +0 falchion (weapon)
Armour
 b - a +0 robe (worn)
Jewellery
 d - an uncursed amulet of regeneration {unknown}
Scrolls
 c - 2 scrolls of identify {unknown}
 e - a scroll of remove curse {unknown}


   Skills:
 + Level 3.5 Fighting
 * Level 4.2 Long Blades
 + Level 3.0 Dodging
 - Level 1.5 Stealth


You had 4 spell levels left.
You didn't know any spells.

Dungeon Overview and Level Annotations

Branches:
Dungeon (3/15)

Altars:

Annotations:
D:3 Robin


Innate Abilities, Weirdness & Mutations

You do not eat or drink.
Your flesh is vulnerable to fire.
You are immune to poison.
Your flesh is cold resistant. (rC+)
You are immune to negative energy. (rN+++)
You are immune to unholy pain and torment.
You can survive without breathing.


Message History

The orc wizard hits you with a dagger.
* * * LOW HITPOINT WARNING * * *
You closely miss the orc wizard.
The orc wizard is heavily wounded.
The orc wizard casts a cantrip, but nothing happens.
Unknown command.
You hit the orc wizard.
The orc wizard is severely wounded.
The orc wizard hits you with a dagger.
* * * LOW HITPOINT WARNING * * *
Unknown command.
You hit the orc wizard but do no damage.
The orc wizard is severely wounded.
The orc wizard barely misses you.
Unknown command.
You hit the orc wizard.
The orc wizard is severely wounded.
The orc wizard gestures at you while chanting.
The puff of flame hits you! The fire burns you terribly!
You die...

..................#
##
##..#.......#...##
...
#.....###########
$... #.....# ....
.. ##..#### ...#
...###...# ...#
#......## ...#
....#...# ...#
...#..#@# ...# ..
#.##o# ###.. ...
#{# ....# ##. #o#
##... .. #.# g #.
#.# ## ..# g #..


gS You could see an orc wizard and an orc.

Vanquished Creatures
  A gnoll (D:1)
  8 adders
  3 oozes
  A worm (D:2)
  A dart slug (D:2)
  5 leopard geckos
  An orc (D:3)
  4 giant cockroaches (D:1)
  11 goblins
  6 hobgoblins
  3 kobolds
  A quokka (D:2)
  2 ball pythons
  8 bats
  4 frilled lizards
  2 rats
61 creatures vanquished.

Notes
Turn   | Place    | Note
-------+----------+-------------------------------------------
     0 | D:1      | Magnus the Mummy Monk began the quest for the Orb.
     0 | D:1      | Reached XP level 1. HP: 18/18 MP: 1/1
   245 | D:1      | Reached XP level 2. HP: 24/24 MP: 2/2
   257 | D:1      | Reached skill level 3 in Long Blades
   378 | D:1      | Reached XP level 3. HP: 16/29 MP: 3/3
  1713 | D:2      | Reached XP level 4. HP: 13/35 MP: 4/4
  2238 | D:2      | Reached skill level 4 in Long Blades
  2965 | D:2      | Reached XP level 5. HP: 41/41 MP: 5/5
  3042 | D:3      | Noticed Robin
  3378 | D:3      | HP: 2/41 [orc wizard/dagger (3)]
  3382 | D:3      | Killed from afar by an orc wizard

Skill      XL: |  1  2  3  4  5 |
---------------+----------------+-----
Long Blades    | 3 4 |  4.2
Dodging        | 3 |  3.0
Fighting       | |  3.5
Stealth        | |  1.5

Action                   |  1- 3 |  4- 6 || total
-------------------------+-------+-------++-------
Melee: Falchion          |   132 |    96 ||   228
 Stab: Sleeping          |     6 |     4 ||    10
       Distracted        |     1 |       ||     1
Armor: Robe              |    26 |    15 ||    41
Dodge: Dodged            |   108 |    68 ||   176
       Rpst.: Falchion   |    30 |    27 ||    57
